 Dungeon Crawl Stone Soup version 0.29.0-4-gdea44cf6ec (webtiles) character file.

Game seed: 14716552371615002906

16 qw the Chopper (level 2, -1/17 HPs)
             Began as a Tengu Warper on Aug 28, 2022.
             Succumbed to their own poison gas
             ... on level 1 of the Dungeon.
             The game lasted 00:00:04 (1081 turns).

qw the Chopper (Tengu Warper)                       Turns: 1081, Time: 00:00:04

Health: -1/17      AC:  3    Str: 11    XL:     2   Next: 58%
Magic:  6/6        EV: 11    Int: 13    God:
Gold:   48         SH:  0    Dex: 13    Spells: 5/5 levels left

rFire   . . .      SeeInvis .   Y - +0 hand axe
rCold   . . .      Faith    .   (no shield)
rNeg    . . .      Spirit   .   b - +0 leather armour
rPois   .          Reflect  .   (helmet restricted)
rElec   .          Harm     .   (no cloak)
rCorr   .          Rampage  .   (no gloves)
Will    .....                   (boots unavailable)
Stlth   +.........              (no amulet)
HPRegen 0.05/turn               (no ring)
MPRegen 0.10/turn               (no ring)

@: lethally poisoned (-1 -> -8)
A: beak, talons 3
a: no special abilities


You were on level 1 of the Dungeon.
You visited 1 branch of the dungeon, and saw 1 of its levels.

You collected 48 gold pieces.


Innate Abilities, Weirdness & Mutations

You have a beak for a mouth.
You have claws for feet.


   Skills:
 - Level 2.0 Fighting
 + Level 3.4 Axes
 - Level 1.0 Throwing
 - Level 1.1 Armour
 - Level 2.1 Dodging
 - Level 2.0 Spellcasting
 - Level 2.4 Translocations


You had 5 spell levels left.
You didn't know any spells.
Your spell library contained the following spells:

 Spells                   Type           Power      Damage    Failure   Level
 Blink                    Tloc           14%        N/A       19%         2
 Gell's Gravitas          Tloc           7%         N/A       36%         3
 Lesser Beckoning         Tloc           7%         N/A       36%         3
 Teleport Other           Tloc           7%         N/A       36%         3
 Manifold Assault         Tloc           7%         N/A       98%         5

Inventory:

Hand Weapons
 g - a +0 club
 Y - a +0 hand axe (weapon)
Armour
 b - a +0 leather armour (worn)
Jewellery
 e - a ring of ice
Potions
 d - a potion of heal wounds {unknown}
 h - a potion of might {unknown}
 j - a potion of ambrosia {unknown}
 l - a potion of curing {unknown}

Dungeon Overview and Level Annotations

Branches:
Dungeon (1/15)

Altars:

Shops:
D:1 [


Message History

As you read the scroll labelled VIENIPREROO, it crumbles to dust.
You feel strangely unstable.
It was a scroll of teleportation.
You start waiting.
Your surroundings suddenly seem different.
Done exploring.
1073 ||| READING scroll labelled SAOTHE AXU.
The air fills with toxic fumes!
As you read the scroll labelled SAOTHE AXU, it crumbles to dust.
It was a scroll of poison.
Done exploring.
1074 ||| READING scroll labelled CYCLAO QIONODD.
As you read the scroll labelled CYCLAO QIONODD, it crumbles to dust.
The scroll dissolves into smoke.
It was a scroll of fog.
Done exploring.
1075 ||| READING scroll labelled QECUIX KAUNI.
As you read the scroll labelled QECUIX KAUNI, it crumbles to dust.
It is a scroll of enchant armour.
Really abort (and waste the scroll)?
Done exploring.
1076 ||| DROPPING scroll of blinking.
You drop a scroll of blinking.
Done exploring.
(D) Dungeon
Where to? (* - list waypoints, ? - help)
What level of the Dungeon? (default 1, ? - help) Sorry, I don't know how to get there.
Done exploring.
1077 ||| Stepping randomly (stuck).
Really walk into that cloud of poison gas?
You are engulfed in poison gas.
You are lethally poisoned!
You feel very sick.
1078 ||| Stepping ~*~*~tactically~*~*~ (cloud).
You feel very sick.
You see here a scroll of blinking.
There is a lethal amount of poison in your body!
You feel very sick.
There is a lethal amount of poison in your body!
You feel sick.
There is a lethal amount of poison in your body!
You die...

......#..#
###########.....77P7.
......##.#########
#.......7...
......#..¤¤0¤¤¤¤0#
#.#P.....7..
......#..¤¤¤00000#
#.7..P...P..
......#..000¤0¤¤0#
#....P.P...P
......#..¤¤¤00¤¤0#
#...........
#######..¤0¤¤¤0¤¤#
#.P.7.P..... #..¤0¤00¤¤0###
#.7......<..
##########@00###.7P..P.....
###¤¤#............
##0#.#...7.P...P
#.¤0#P.7....P..
###¤0#.7.7..7..
##0##......7.
######.#.........
#................
#.####.#..#######


There were no monsters in sight!

Vanquished Creatures
  2 ball pythons (D:1)
  2 endoplasms (D:1)
  A goblin (D:1)
  3 hobgoblins (D:1)
  2 jackals (D:1)
  A kobold (D:1)
  2 frilled lizards (D:1)
  A rat (D:1)
14 creatures vanquished.

Notes
Turn   | Place    | Note
-------+----------+-------------------------------------------
     0 | D:1      | qw the Tengu Warper began the quest for the Orb.
     0 | D:1      | Reached XP level 1. HP: 12/12 MP: 4/4
     0 | D:1      | 0 ||| qw: Version: 0.1-a-89-g26bdef1
     0 | D:1      | 0 ||| qw: Game counter: 3001
     0 | D:1      | 0 ||| qw: Always use a shield: true
     0 | D:1      | 0 ||| qw: God list: Okawaru
     0 | D:1      | 0 ||| qw: Allow faded altars: false
     0 | D:1      | 0 ||| qw: Do Orc after D:15 true
     0 | D:1      | 0 ||| qw: Do second Lair branch before Depths: true
     0 | D:1      | 0 ||| qw: Lair rune preference: random
     0 | D:1      | 0 ||| qw: Plans: Normal
     0 | D:1      | 0 ||| PLANNING D:1-11
    32 | D:1      | Found Sururph's Antique Armour Shoppe.
    35 | D:1      | 35 ||| SHOPLISTING +0 mask of the Dragon {Will+ Slay+3
                  | SInv} (835 gold, have 0).
    35 | D:1      | 35 ||| SHOPLISTING runed plate armour (650 gold, have 0).
    35 | D:1      | 35 ||| SHOPLISTING runed scarf (200 gold, have 0).
   379 | D:1      | 379 ||| Stepping ~*~*~tactically~*~*~ (stealth).
   387 | D:1      | Reached XP level 2. HP: 17/17 MP: 6/6
   421 | D:1      | Reached skill level 3 in Axes
   601 | D:1      | 601 ||| Stepping ~*~*~tactically~*~*~ (stealth).
   983 | D:1      | 983 ||| Stepping ~*~*~tactically~*~*~ (stealth).
   985 | D:1      | 985 ||| Stepping ~*~*~tactically~*~*~ (stealth).
   987 | D:1      | 987 ||| Stepping ~*~*~tactically~*~*~ (stealth).
  1068 | D:1      | 1068 ||| DROPPING ring of magical power.
  1069 | D:1      | 1069 ||| READING scroll labelled VIENIPREROO.
  1073 | D:1      | 1073 ||| READING scroll labelled SAOTHE AXU.
  1074 | D:1      | 1074 ||| READING scroll labelled CYCLAO QIONODD.
  1075 | D:1      | 1075 ||| READING scroll labelled QECUIX KAUNI.
  1076 | D:1      | 1076 ||| DROPPING scroll of blinking.
  1077 | D:1      | 1077 ||| Stepping randomly (stuck).
  1078 | D:1      | 1078 ||| Stepping ~*~*~tactically~*~*~ (cloud).
  1079 | D:1      | HP: 3/17 [poisoned by you (poison gas)]
  1080 | D:1      | HP: 1/17 [poisoned by you (poison gas)]
  1081 | D:1      | Succumbed to their own poison gas

Levels and vault maps discovered:
D:1:      wander_arrival_fairy_ring, layout_basic, serial_shops,
          nicolae_shop_behind_doors, chequers_serial_rivers_small_b,
          minmay_tetromino_l2

Skill      XL: |  1  2 |
---------------+-------+-----
Axes           | 3 |  3.4
Fighting       | |  2.0
Throwing       | |  1.0
Armour         | |  1.1
Dodging        | |  2.1
Spellcasting   | |  2.0
Translocations | |  2.4

Action                   || total
-------------------------++-------
Melee: Hand axe          ||    36
       Kick              ||     4
       Peck              ||     3
Throw: Boomerang         ||     7
  Use: Scroll            ||     4
Armor: Leather armour    ||     3
Dodge: Dodged            ||    24

Table legend:
 A = Non-vault XP
 B = Vault XP
 C = Vault XP percentage of total XP
 D = Non-vault monster count
 E = Vault monster count
 F = Vault count percentage of total count
                 A         B        C        D         E       F
            +---------+---------+-------+---------+---------+-------
      Total |      21 |       3 |  12.5 |      12 |       2 |  14.3
            +---------+---------+-------+---------+---------+-------
        D:1 |      21 |       3 |  12.5 |      12 |       2 |  14.3
            +---------+---------+-------+---------+---------+-------
